AoeStats
← Beowulf

Arena

504141845Analyzed
2v2 RM · 27d ago on Sep 4, 2026· 41m 56s· 4 players
Game mode
Random Map
Map size
Medium (4 player)
Population
200
Speed
Normal
Resources
Standard
Victory
Conquest
Starting age
Dark Age
Ending age
Imperial Age
RankedLock teamsTeams togetherTeam positionsShared explorationLock speedFull tech treeHidden civsTurbo modeCheats
Victory
Defeat
🇨🇱 Byzantines · Chile
834
+13
🇵🇪 Persians · Peru
719
+18
🇺🇸 Magyars · United States
796
-43
🇨🇱 Huns · Chile
738
-14
Lukecameron8778
1:12 Loom
11:42 Feudal Age
12:28 Double-Bit Axe
13:34 Horse Collar
19:22 Castle Age
19:24 Stone Mining
19:52 Scale Barding Armor
20:00 Forging
19:50 Scale Mail Armor
19:32 Pikeman
21:47 Husbandry
21:59 Treadmill Crane
24:29 Chain Mail Armor
32:41 Imperial Age
30:20 Arson
36:54 Heavy Camel Rider
39:09 Conscription
StarKiller
0:51 Loom
12:23 Feudal Age
13:28 Horse Collar
13:35 Double-Bit Axe
14:30 Wheelbarrow
19:50 Castle Age
19:20 Stone Mining
19:45 Pikeman
20:37 Forging
20:28 Scale Mail Armor
20:19 Fletching
20:30 Padded Archer Armor
26:49 Gold Mining
34:47 Imperial Age
33:04 Bodkin Arrow
33:41 Scale Barding Armor
34:33 Ballistics
41:36 Conscription
41:40 Bow Saw
41:27 Halberdier
42:09 Squires
41:57 Arson
42:34 Chain Mail Armor
42:54 Iron Casting
ChileAvaria
13:31 Feudal Age
11:48 Loom
17:26 Castle Age
20:27 Fletching
21:53 Bodkin Arrow
24:03 Scale Barding Armor
35:34 Chain Barding Armor
42:13 Scale Mail Armor
Beowulf
1:26 Loom
14:10 Feudal Age
14:49 Town Watch
20:59 Castle Age
20:33 Bloodlines
23:05 Husbandry
28:10 Scale Barding Armor
28:36 Double-Bit Axe
29:48 Stone Mining
29:49 Gold Mining
Connection lost

Rejoining the realm…

Still unreachable

The connection could not be restored.

Session expired

The server has moved on; the page needs a fresh start.